 Dungeon Crawl Stone Soup version 0.26-a0-663-g36e8fdb655 (webtiles) character file.

Game seed: 9719569597538360995

176253 miscthings the Nimble (level 16, -9/75 HPs)
             Began as a Felid Ice Elementalist on Oct 13, 2020.
             Was a High Priest of Sif Muna.
             Killed from afar by a tengu reaver (62 damage)
             ... with a fireball
             ... on level 1 of the Depths.
             The game lasted 02:17:03 (38391 turns).

miscthings the Nimble (Felid Ice Elementalist)     Turns: 38391, Time: 02:17:03

Health: -9/75      AC:  4    Str:  5    XL:     16   Next: 93%
Magic:  13/33      EV: 33    Int: 29    God:    Sif Muna [*****.]
Gold:   955        SH:  5    Dex: 17    Spells: 2/39 levels left
                                        Lives:  0   Deaths: 5

rFire    . . .     SeeInvis +   (weapon unavailable)
rCold    + + +     Faith    .   (shield unavailable)
rNeg     . . .     Spirit   .   (armour unavailable)
rPois    +         Reflect  +   (helmet unavailable)
rElec    .         Harm     .   (cloak unavailable)
rCorr    .         Rampage  .   (gloves unavailable)
MR       ++...                  (boots unavailable)
Stlth    +++++.....             i - amulet of Xom's Flight of Fancy {Reflect rC+ Int+4 SH+5 Stlth+}
HPRegen  0.22/turn              c - ring of ice
MPRegen  0.23/turn              X - ring of the Octopus King {rF+ AC+1 EV+1 Str+1 Int+1 Dex+1}

@: quick
A: very small, no armour, no weapons or thrown items, stealth, claws 1, fangs 3,
repulsion field 1, see invisible, speed 1, poison resistance, shaggy fur 3,
sharp paws
}: 2/15 runes: decaying, gossamer
a: Channel Magic, Forget Spell, Divine Exegesis, Renounce Religion


You were on level 1 of the Depths.
You worshipped Sif Muna.
Sif Muna was extremely pleased with you.
You visited 8 branches of the dungeon, and saw 36 of its levels.
You visited 1 bazaar.
You also visited: Ice Cave and Volcano.

You collected 4746 gold pieces.
You spent 3791 gold pieces at shops.

Inventory:

Jewellery
 c - a ring of ice (left paw)
 h - an uncursed ring of protection from fire
 i - the amulet of Xom's Flight of Fancy (around neck) {Reflect rC+ Int+4 SH+5 Stlth+}
   (You acquired it on level 2 of the Elven Halls)

   [amulet of reflection]

   It shields you and reflects attacks.
   It affects your intelligence (+4).
   It protects you from cold.
   It affects your SH (+5).
   It makes you more stealthy.
 y - an uncursed ring of fire
 J - an uncursed ring of wizardry
 Q - a +6 ring of intelligence
 T - the ring "Rihushre" {rElec rPois Int-4 Dex+4 Stlth-}
   (You bought it in a shop on level 2 of the Orcish Mines)

   [ring of attention]

   It affects your intelligence (-4).
   It affects your dexterity (+4).
   It insulates you from electricity.
   It protects you from poison.
   It makes you less stealthy.
 X - a ring of the Octopus King (right paw) {rF+ AC+1 EV+1 Str+1 Int+1 Dex+1}
   (You bought it in a shop on level 13 of the Dungeon)

   [ring of protection from fire]

   It affects your AC (+1).
   It affects your evasion (+1).
   It affects your strength (+1).
   It affects your intelligence (+1).
   It affects your dexterity (+1).
   It protects you from fire.
Wands
 e - a wand of paralysis (12)
 r - a wand of iceblast (18)
 w - a wand of flame (21)
 B - a wand of polymorph (16)
 E - a wand of disintegration (24)
 G - a wand of acid (11)
 L - a wand of digging (8)
 O - a wand of enslavement (25)
Scrolls
 a - 12 scrolls of remove curse
 d - 4 scrolls of vulnerability
 f - 3 scrolls of magic mapping
 l - 17 scrolls of teleportation
 m - 9 scrolls of immolation
 q - 8 scrolls of amnesia
 z - a scroll of blinking
 D - 3 scrolls of fear
 F - 2 scrolls of silence
 H - 4 scrolls of fog
 I - 2 scrolls of torment
 R - 19 scrolls of identify {@r1}
Potions
 b - 4 potions of berserk rage
 g - 4 potions of heal wounds
 k - 7 potions of brilliance
 o - 4 potions of might
 p - 8 potions of ambrosia
 s - 5 potions of haste
 t - 9 potions of curing
 u - 2 potions of resistance
 v - 5 potions of mutation
 x - 6 potions of stabbing
 A - 5 potions of flight
 C - 3 potions of cancellation
 M - 2 potions of magic
 P - 2 potions of lignification
 V - a potion of invisibility
Miscellaneous
 j - a tin of tremorstones (2/3)
 S - a condenser vane (2/2)
 U - a box of beasts (3/3)
 W - a phantom mirror
 Z - a phial of floods


   Skills:
 + Level 11.5 Fighting
 + Level 14.6 Dodging
 - Level 7.0 Stealth
 + Level 12.1 Spellcasting
 - Level 5.0 Summonings
 + Level 9.0 Necromancy
 - Level 12.0 Transmutations
 * Level 14.0 Ice Magic
 - Level 4.0 Air Magic
 + Level 10.7 Earth Magic
 + Level 10.4 Invocations
 - Level 12.0 Evocations


You had 2 spell levels left.
You knew the following spells:

 Your Spells              Type           Power        Failure   Level
a - Frozen Ramparts       Ice            ######       1%          3
b - Dispel Undead         Necr           ######..     1%          4
c - Summon Ice Beast      Ice/Summ       #######.     1%          4
d - Summon Lightning Spi  Summ/Air       #####...     4%          4
e - Statue Form           Tmut/Erth      ######...    4%          6
f - Lee's Rapid Deconstr  Erth           ######....   1%          5
g - Borgnjor's Vile Clut  Necr/Erth      ######....   1%          5
z - Ozocubu's Refrigerat  Ice            #######...   1%          6

Your spell library contained the following spells:

 Spells                   Type           Power        Failure   Level
 Freeze                   Ice            ####         0%          1
 Animate Skeleton         Necr           ######       1%          1
 Beastly Appendage        Tmut           ######       1%          1
 Pain                     Necr           ####         1%          1
 Sandblast                Erth           ######       1%          1
 Sting                    Tmut/Pois      ####         1%          1
 Summon Small Mammal      Summ           ####         1%          1
 Call Imp                 Summ           #####...     1%          2
 Corpse Rot               Necr/Air       N/A          1%          2
 Ensorcelled Hibernation  Hex/Ice        ######       1%          2
 Passwall                 Tmut/Erth      ######..     1%          2
 Poisonous Vapours        Pois/Air       ####..       1%          2
 Sublimation of Blood     Necr           ######....   1%          2
 Swiftness                Air            #####...     1%          2
 Wereblood                Tmut           ######..     1%          2
 Apportation              Tloc           ###...       3%          1
 Foxfire                  Conj/Fire      ###.         3%          1
 Magic Dart               Conj           ###.         3%          1
 Blink                    Tloc           N/A          4%          2
 Searing Ray              Conj           ###...       4%          2
 Slow                     Hex            ###.....     4%          2
 Call Canine Familiar     Summ           #####...     1%          3
 Ignite Poison            Fire/Tmut/Pois #####...     1%          3
 Ozocubu's Armour         Ice            #######.     1%          3
 Spider Form              Tmut/Pois      ######....   1%          3
 Stone Arrow              Conj/Erth      #####.       1%          3
 Vampiric Draining        Necr           ######....   1%          3
 Animate Dead             Necr           ######....   1%          4
 Hailstorm                Conj/Ice       ######..     1%          4
 Ice Form                 Ice/Tmut       #######.     1%          4
 Petrify                  Tmut/Erth      ######..     1%          4
 Agony                    Necr           ######..     1%          5
 Blade Hands              Tmut           ######....   1%          5
 Summon Guardian Golem    Hex/Summ       ####....     3%          3
 Leda's Liquefaction      Hex/Erth       #####.....   3%          4
 Hydra Form               Tmut           ######....   3%          6
 Static Discharge         Conj/Air       ####....     4%          3
 Metabolic Englaciation   Hex/Ice        ######....   4%          5
 Simulacrum               Ice/Necr       #######...   4%          6
 Mephitic Cloud           Conj/Pois/Air  ####....     5%          3
 Airstrike                Air            #####.....   6%          4
 Alistair's Intoxication  Tmut/Pois      ######...    7%          5
 Irradiate                Conj/Tmut      ######....   7%          5
 Yara's Violent Unravell  Hex/Tmut       ######....   7%          5
 Confusing Touch          Hex            ###.....     9%          3
 Conjure Flame            Conj/Fire      ###.....     9%          3
 Dazzling Flash           Conj/Hex       ###...       9%          3
 Gell's Gravitas          Tloc           ###.......   9%          3
 Inner Flame              Hex/Fire       ###.....     9%          3
 Lesser Beckoning         Tloc           ###.......   9%          3
 Teleport Other           Tloc           ###.....     9%          3
 Tukima's Dance           Hex            ###.....     9%          3
 Summon Demon             Summ           #####.....   11%         5
 Death Channel            Necr           ######....   12%         6
 Bolt of Magma            Conj/Fire/Erth #####.....   19%         5
 Dragon Form              Tmut           ######....   19%         7
 Cause Fear               Hex            ###.......   30%         4
 Fulminant Prism          Conj/Hex       ###.......   30%         4
 Iskenderun's Mystic Bla  Conj/Tloc      ###.....     30%         4
 Passage of Golubria      Tloc           N/A          30%         4
 Sticky Flame             Conj/Fire      ###.....     30%         4
 Summon Forest            Summ/Tloc      ####......   30%         5
 Summon Mana Viper        Hex/Summ       ####....     30%         5
 Lightning Bolt           Conj/Air       ####......   36%         5
 Silence                  Hex/Air        ####......   36%         5
 Freezing Cloud           Conj/Ice/Air   ######....   36%         6
 Iron Shot                Conj/Erth      #####.....   45%         6
 Shadow Creatures         Summ           N/A          52%         6
 Fireball                 Conj/Fire      ###.......   63%         5
 Haunt                    Necr/Summ      ######....   82%         7
 Necromutation            Tmut/Necr      ######....   95%         8
 Summon Hydra             Summ           #####.....   97%         7
 Invisibility             Hex            ###.....     99%         6
 Starburst                Conj/Fire      ###.......   99%         6
 Borgnjor's Revivificati  Necr           ######....   99%         8
 Infestation              Necr           ######....   99%         8
 Malign Gateway           Summ/Tloc      ####......   100%        7
 Discord                  Hex            ###.......   100%        8
 Ignition                 Fire           ###.......   100%        8
 Lehudib's Crystal Spear  Conj/Erth      #####.....   100%        8
 Absolute Zero            Ice            #######...   100%        9
 Fire Storm               Conj/Fire      ###.......   100%        9
 Shatter                  Erth           ######....   100%        9


Dungeon Overview and Level Annotations

Branches:
Dungeon (15/15)            Temple (1/1) D:5            Lair (6/6) D:11
  Swamp (4/4) Lair:4       Spider (4/4) Lair:4        Slime (0/5) Lair:6
    Orc (2/2) D:9             Elf (3/3) Orc:2        Vaults (0/5) D:14
 Depths (1/5) D:15          IceCv (visited)         Volcano (visited)

Altars:
Ashenzari
Cheibriados
Dithmenos
Elyvilon
Fedhas
Gozag
Hepliaklqana
Kikubaaqudgha
Makhleb
Nemelex Xobeh
Okawaru
Qazlal
Ru
Sif Muna
Trog
Uskayaw
Vehumet
Wu Jian
Xom
Yredelemnul
Zin
The Shining One
Beogh
Jiyva

Shops:
D:5 !   D:11 *   D:12 [(   D:13 (*=}(   Orc:1 (   Orc:2 *=**   Elf:1 !
Depths:1 *

Annotations:
Elf:2 3 runed translucent doors


Innate Abilities, Weirdness & Mutations

You cannot wear armour.
You are incapable of wielding weapons or throwing items.
Your paws allow you to move quietly. (Stealth)
You have sharp claws.
You have razor-sharp teeth.
You have supernaturally acute eyesight. (SInv)
You cover ground quickly.
Your thick and shaggy fur keeps you warm. (AC +3, rC+)
Your sharp claws are effective at attacking unaware monsters.
You are surrounded by a mild repulsion field. (EV +2)
Your system is resistant to poisons. (rPois)


Message History

Aim: a tengu reaver, wielding a +1 great mace and wearing a +0 scale mail (heavily wounded)
The puff of flame hits the tengu reaver!
The tengu reaver is heavily wounded.
Evoke which item? (* to show all) (? for menu, Esc to quit)
Aiming: Throw Flame
Press: ? - help, Shift-Dir - straight line, f/p - tengu reaver
Aim: a tengu reaver, wielding a +1 great mace and wearing a +0 scale mail (heavily wounded)
The puff of flame hits the tengu reaver!
The tengu reaver is heavily wounded.
The frozen ramparts melt away.
Evoke which item? (* to show all) (? for menu, Esc to quit)
Okay, then.
You can drink potions again.
The tengu reaver mumbles some strange words.
The tengu reaver conjures a globe of magical energy!
A battlesphere comes into view.
The tengu reaver casts a spell at you.
The fireball explodes!
The fireball engulfs you!!!
Ouch! That really hurt!
You die...

.#..#....#.... ########......#
.#..#....'.... #.............#
.#####.######## #.............#
###.##.#......# #.............#
.#.....#......# #.............#
..............# #.............#
.#.....#...*..# #.............#
.#.....#...Q..#####.............#
.#.....#######..@...............#
.#....... #..................#
.#........ #..................#
.#.....#######.....#######......#
.#.....##....#..>..#.....#......#
.# #.....#######.....#......# .#
#..........#/.....#......# .#
########..)##.....#......# .#
#....##...##.....#......#


You could see a tengu reaver and a battlesphere.

Vanquished Creatures
  the Lernaean hydra (Swamp:4)
  Jorgrun (Spider:1)
  2 deep elf blademasters (Elf:3)
  2 deep elf master archers (Elf:3)
  2 thorn hunters
  Agnes (D:15)
  Roxanne (Spider:2)
  5 deep elf sorcerers
  4 emperor scorpions
  2 ghost moths (Spider:4)
  A frost giant (IceCv)
  2 deep elf elementalists (Elf:3)
  Aizul (Spider:1)
  2 stone giants (Depths:1)
  3 very ugly things (Depths:1)
  5 deep elf demonologists
  An entropy weaver (Spider:3)
  2 spark wasps
  A red draconian (Volcano)
  An ettin (Depths:1)
  A fire dragon (Lair:6)
  A yaktaur captain (D:15)
  2 deep elf death magi (Elf:3)
  2 deep elf high priests (Elf:3)
  Erolcha (D:11)
  Josephine (D:12)
  4 ogre magi
  3 centaur warriors
  An ice dragon (Depths:1)
  A shambling mangrove (Swamp:1)
  15 hydras
  2 boulder beetles (D:15)
  6 death yaks
  A catoblepas (D:15)
  2 alligators (Swamp:1)
  8 dancing weapons
  9 two-headed ogres
  A tengu warrior (Depths:1)
  A deep troll earth mage (Depths:1)
  9 deep elf knights
  The ghost of krigyl the Slicer, a novice KoCK of Xom (D:8)
  Nergalle (D:12)
  A glowing orange brain (Depths:1)
  2 spriggan druids
  8 swamp dragons
  10 deep elf archers
  3 lindwurms
  19 wolf spiders
  2 orc knights
  19 orb spiders
  5 ugly things (Depths:1)
  42 deep elf magi
  2 orc sorcerers
  2 cyclopes
  2 manticores
  5 moths of wrath
  12 elephants
  2 black mambas (Lair:6)
  7 torpor snails
  2 centaur skeletons (D:15)
  2 yaktaurs
  A kobold demonologist (D:13)
  13 cane toads
  9 komodo dragons
  6 trolls
  8 demonic crawlers
  29 jumping spiders
  3 meliai (D:13)
  A tengu conjurer (D:15)
  13 polar bears
  6 blink frogs
  15 hornets
  3 slime creatures
  3 tyrant leeches
  8 dream sheep
  5 air elementals
  52 redbacks
  5 spriggans
  A tarantella (shapeshifter) (Depths:1)
  3 wraiths (D:12)
  3 wyverns
  Sigmund (D:6)
  4 fire elementals
  63 yaks
  3 basilisks
  32 tarantellas
  Grum (D:11)
  4 neqoxecs (Orc:1)
  5 vampire mosquitoes (D:15)
  9 wargs
  6 swamp worms
  A harpy simulacrum (D:15)
  13 water moccasins
  2 acid dragons
  13 hell hounds (Lair:6)
  4 black bears
  19 orc warriors
  A phantom (D:9)
  5 sky beasts
  6 swamp drakes
  2 ice beasts
  34 ogres
  4 centaurs
  A lemure (D:7)
  39 wolves
  2 big kobolds (D:10)
  Blork the orc (D:5)
  16 bullfrogs
  A gnoll sergeant (Orc:1)
  An earth elemental (Elf:1)
  9 scorpions
  10 wights
  14 killer bees
  2 nameless horrors
  4 electric eels
  7 howler monkeys
  A bullfrog zombie (D:11)
  2 hounds
  3 quasits (Orc:1)
  4 centaur zombies
  4 jellies
  21 orc priests
  16 orc wizards
  A bullfrog skeleton (D:4)
  3 iguanas
  9 worker ants
  An ogre zombie (D:9)
  13 gnolls
  A howler monkey skeleton (D:4)
  7 adders
  3 ufetubi (D:8)
  An ooze (D:1)
  An adder skeleton (D:3)
  An adder zombie (D:9)
  3 worms
  2 dart slugs
  9 leopard geckos
  57 orcs
  8 giant cockroaches
  8 goblins
  6 hobgoblins
  7 jackals
  3 quokkas
  7 bats
  3 frilled lizards
  A hobgoblin skeleton (D:9)
  5 kobolds
  An orc skeleton (D:9)
  An orc zombie (D:9)
  A quokka skeleton (D:4)
  5 rats
  19 briar patches
1024 creatures vanquished.

Vanquished Creatures (collateral kills)
  An ironheart preserver (D:14)
  Snorg (D:11)
  An ettin (Depths:1)
  The ghost of Iruom the Tainter, a journeyman FoVM of Kikubaaqudgha (Orc:1)
  3 hydras
  5 two-headed ogres (Orc:2)
  2 ogre magi (Orc:2)
  A dancing weapon (Elf:1)
  2 alligators
  An unseen horror (D:12)
  3 swamp dragons (Swamp:4)
  A deep elf archer (Elf:1)
  Pikel (D:7)
  An orb spider (Spider:4)
  5 deep elf magi
  3 orc knights
  A wolf spider zombie (D:15)
  A cyclops (D:14)
  14 wolf spiders
  2 moths of wrath
  4 elephants (Lair:6)
  An ugly thing (D:12)
  6 slime creatures
  A shining eye (shapeshifter) (Elf:2)
  2 black mambas
  A centaur zombie (D:14)
  A centaur skeleton (D:14)
  5 cane toads
  4 rime drakes
  A yaktaur (D:15)
  4 komodo dragons
  2 demonic crawlers (Spider:2)
  A jumping spider (Spider:3)
  2 hornets (Spider:4)
  8 polar bears
  14 blink frogs
  4 tyrant leeches
  A meliai zombie (D:13)
  Prince Ribbit (Temple)
  A centaur simulacrum (D:15)
  An air elemental (Elf:3)
  6 tarantellas
  12 redbacks
  A wyvern (D:12)
  3 basilisks
  18 yaks
  2 vampire mosquitoes (D:15)
  2 wraiths (D:12)
  A fire elemental (Elf:3)
  3 swamp worms
  2 water moccasins
  3 hell hounds (Lair:6)
  A hornet zombie (D:12)
  9 ice beasts
  4 orc warriors
  10 black bears
  6 phantoms
  4 swamp drakes (Swamp:4)
  2 necrophages
  11 wolves
  8 ogres
  A tengu (D:8)
  2 centaurs
  A big kobold (D:10)
  2 bullfrogs
  A troll zombie (D:9)
  15 wights
  A howler monkey (D:8)
  A quasit (D:11)
  A bullfrog zombie (D:10)
  2 orc wizards
  An orc priest (Orc:2)
  A gnoll shaman (D:6)
  A hound (D:9)
  An iguana (D:11)
  A bullfrog skeleton (D:11)
  A worker ant (D:9)
  6 ogre zombies (D:9)
  A hound zombie (D:6)
  A hound skeleton (D:6)
  A worker ant zombie (D:8)
  3 gnolls
  A howler monkey zombie (D:8)
  An adder (D:11)
  4 shadow imps
  3 white imps
  An adder skeleton (D:6)
  2 adder zombies
  A leopard gecko (D:11)
  7 orcs
  3 goblin zombies (D:9)
  A hobgoblin skeleton (D:9)
  3 hobgoblin zombies (D:9)
  15 orc zombies (D:9)
310 creatures vanquished.

Vanquished Creatures (others)
  A wolf spider (Lair:6)
  4 polar bears (IceCv)
  A jumping spider (Spider:1)
  A yak (IceCv)
  A goblin (D:3)
  A block of ice (Lair:6)
  55 fungi
  102 plants
166 creatures vanquished.

Grand Total: 1500 creatures vanquished

Notes
Turn   | Place    | Note
-------+----------+-------------------------------------------
     0 | D:1      | miscthings the Felid Ice Elementalist began the quest for
                  | the Orb.
     0 | D:1      | Reached XP level 1. HP: 7/7 MP: 4/4
   206 | D:1      | Reached XP level 2. HP: 4/11 MP: 0/6
  1460 | D:2      | Reached XP level 3. HP: 10/14 MP: 2/7
  1465 | D:2      | Learned a level 3 spell: Frozen Ramparts
  1579 | D:2      | Found a sacrificial altar of Ru.
  1968 | D:2      | Reached skill level 5 in Ice Magic
  2089 | D:2      | Reached XP level 4. HP: 18/18 MP: 6/8
  2713 | D:3      | Killed from afar by a hobgoblin
  2714 | D:3      | Reached XP level 3. HP: -7/14 MP: 7/7
  3074 | D:3      | Reached XP level 4. HP: 14/18 MP: 5/8
  3941 | D:4      | Reached XP level 5. HP: 14/21 MP: 6/9
  3947 | D:4      | Learned a level 4 spell: Summon Ice Beast
  4038 | D:5      | Entered Level 5 of the Dungeon
  4062 | D:5      | Noticed Blork the orc
  4072 | D:5      | Killed Blork the orc
  4072 | D:5      | Reached skill level 1 in Summonings
  4109 | D:5      | Gained mutation: You are covered in thick fur. (AC +2)
                  | [Felid growth]
  4109 | D:5      | Reached XP level 6. HP: 19/24 MP: 3/10
  4177 | D:5      | Noticed Prince Ribbit
  4657 | D:5      | Found Azeffy's Distillery.
  4660 | D:5      | Bought a potion of heal wounds for 65 gold pieces
  4696 | D:5      | Found a staircase to the Ecumenical Temple.
  4705 | Temple   | Entered the Ecumenical Temple
  4727 | Temple   | Killed Prince Ribbit
  4766 | Temple   | Became a worshipper of Sif Muna the Loreminder
  4874 | D:5      | Reached XP level 7. HP: 27/27 MP: 7/11
  5622 | D:6      | Noticed Sigmund
  5628 | D:6      | Reached skill level 5 in Summonings
  5628 | D:6      | Reached XP level 8. HP: 31/31 MP: 7/12
  5641 | D:6      | Killed Sigmund
  5641 | D:6      | Reached skill level 1 in Fighting
  5641 | D:6      | Reached skill level 1 in Invocations
  5641 | D:6      | Reached skill level 1 in Evocations
  5945 | D:6      | Reached * piety under Sif Muna
  6128 | D:7      | Noticed Pikel
  6137 | D:7      | Killed Pikel
  6640 | D:7      | Reached XP level 9. HP: 36/37 MP: 10/14
  6849 | D:7      | Reached skill level 5 in Stealth
  7120 | D:8      | Reached ** piety under Sif Muna
  7269 | D:8      | Found a transporter.
  7271 | D:8      | Noticed krigyl's ghost (novice KoCK)
  7271 | D:8      | Noticed a manticore
  7272 | D:8      | Found a transporter.
  7280 | D:8      | Reached skill level 5 in Dodging
  7728 | D:8      | Found a hide-covered altar of Uskayaw.
  7757 | D:8      | Identified Idulitommots's Catalogue of Evil Arts and Clay
  7779 | D:8      | Learned a level 3 spell: Ozocubu's Armour
  8185 | D:9      | Found a staircase to the Orcish Mines.
  8221 | D:8      | Killed a manticore
  8222 | D:8      | Killed krigyl's ghost
  8222 | D:8      | Reached XP level 10. HP: 18/42 MP: 2/17
  8329 | D:9      | Found a sacrificial altar of Ru.
  8465 | D:9      | Reached *** piety under Sif Muna
  8727 | D:9      | Reached skill level 5 in Evocations
  8844 | D:9      | Reached **** piety under Sif Muna
  9373 | D:10     | Entered Level 10 of the Dungeon
  9528 | D:10     | Reached skill level 5 in Spellcasting
  9547 | D:10     | Reached skill level 5 in Fighting
  9675 | D:10     | Learned a level 4 spell: Summon Lightning Spire
  9955 | D:10     | Reached skill level 5 in Invocations
  9988 | D:10     | Reached ***** piety under Sif Muna
  9988 | D:10     | Reached skill level 1 in Air Magic
 10078 | D:10     | Reached XP level 11. HP: 9/48 MP: 9/19
 10083 | D:10     | Noticed a three-headed hydra
 10334 | D:10     | Killed a three-headed hydra
 10471 | D:10     | Received a gift from Sif Muna
 10907 | D:11     | Noticed Grum
 10921 | D:11     | Killed Grum
 10935 | D:11     | Found Gerocworeo's Assorted Antiques.
 10971 | D:11     | Bought a scroll of identify for 58 gold pieces
 10971 | D:11     | Bought a scroll of identify for 58 gold pieces
 10971 | D:11     | Bought a scroll labeled ZEEWNY BAKIUD for 29 gold pieces
 11081 | D:11     | Noticed a four-headed hydra
 11089 | D:11     | Killed a four-headed hydra
 11112 | D:11     | Learned a level 5 spell: Lee's Rapid Deconstruction
 11204 | D:11     | Slain by a troll
 11205 | D:11     | Reached XP level 10. HP: -1/45 MP: 15/19
 11243 | D:11     | Found a staircase to the Lair.
 11502 | D:11     | Reached skill level 1 in Earth Magic
 11502 | D:11     | Noticed Snorg
 11529 | D:11     | Killed Snorg
 11869 | D:11     | Reached XP level 11. HP: 48/48 MP: 21/21
 11890 | D:11     | Noticed Erolcha
 11905 | D:11     | Killed Erolcha
 12180 | Lair:1   | Entered Level 1 of the Lair of Beasts
 12467 | Lair:1   | Noticed a four-headed hydra
 12542 | Lair:1   | Reached skill level 10 in Ice Magic
 12610 | Lair:1   | Killed a four-headed hydra
 13242 | Lair:2   | Identified Iwuhaido's Grimoire of Fire and Unholy Rites
                  | (Sif Muna gifted it to you on level 2 of the Lair of
                  | Beasts)
 13242 | Lair:2   | Received a gift from Sif Muna
 14377 | Lair:3   | Found a dark tunnel.
 14377 | Lair:3   | Noticed a lindwurm
 14386 | Lair:3   | Killed a lindwurm
 14410 | Volcano  | Entered a volcano
 14428 | Volcano  | Noticed a red draconian
 14444 | Volcano  | Killed a red draconian
 14444 | Volcano  | Gained mutation: Your thick and shaggy fur keeps you warm.
                  | (AC +3, rC+) [Felid growth]
 14444 | Volcano  | Reached XP level 12. HP: 44/54 MP: 10/23
 15361 | Lair:4   | Reached skill level 5 in Earth Magic
 15413 | Lair:4   | Reached skill level 10 in Dodging
 15545 | Lair:4   | Found a hole to the Spider Nest.
 16098 | Lair:4   | Noticed a six-headed hydra
 16104 | Lair:4   | Noticed a five-headed hydra
 16145 | Lair:4   | Killed a five-headed hydra
 16340 | Lair:4   | Killed a six-headed hydra
 16365 | Lair:4   | Received a gift from Sif Muna
 16405 | Lair:4   | Found a staircase to the Swamp.
 16501 | Lair:5   | Found a frozen archway.
 16652 | IceCv    | Entered an ice cave
 17152 | IceCv    | Reached XP level 13. HP: 58/58 MP: 14/25
 17496 | IceCv    | Noticed a frost giant
 17526 | IceCv    | Killed a frost giant
 17538 | IceCv    | Learned a level 5 spell: Borgnjor's Vile Clutch
 17763 | Lair:5   | Identified Sif Muna's Guide on Earth and Conjuration (Sif
                  | Muna gifted it to you on level 5 of the Lair of Beasts)
 17763 | Lair:5   | Received a gift from Sif Muna
 18359 | Lair:6   | Entered Level 6 of the Lair of Beasts
 18394 | Lair:5   | Learned a level 6 spell: Ozocubu's Refrigeration
 18648 | Lair:6   | Reached skill level 1 in Necromancy
 18987 | Lair:6   | Reached XP level 14. HP: 62/63 MP: 2/28
 19174 | Lair:6   | Found a viscous altar of Jiyva.
 19176 | Lair:6   | Found a staircase to the Slime Pits.
 19427 | Lair:6   | Identified Hogotur's Tome of Icy Flight (Sif Muna gifted it
                  | to you on level 6 of the Lair of Beasts)
 19427 | Lair:6   | Received a gift from Sif Muna
 19833 | Lair:6   | Reached skill level 10 in Spellcasting
 20186 | Lair:6   | Gained mutation: Your system is resistant to poisons.
                  | (rPois) [potion of mutation]
 20186 | Lair:6   | Gained mutation: You are surrounded by a mild repulsion
                  | field. (EV +2) [potion of mutation]
 20367 | Lair:6   | Found a runed translucent door.
 20610 | Lair:6   | Reached skill level 5 in Necromancy
 20900 | Lair:6   | Received a gift from Sif Muna
 21125 | Orc:1    | Entered Level 1 of the Orcish Mines
 21272 | Orc:1    | Found a transporter.
 21278 | Orc:1    | Noticed Iruom's ghost (journeyman FoVM)
 21283 | Orc:1    | Found a transporter.
 21290 | Orc:1    | Killed Iruom's ghost
 21436 | Orc:1    | Found Rast's Weapon Emporium.
 21492 | Orc:1    | Found a roughly hewn altar of Beogh.
 21931 | Orc:2    | Entered Level 2 of the Orcish Mines
 22144 | Orc:2    | Found a staircase to the Elven Halls.
 22263 | Orc:2    | Received a gift from Sif Muna
 22264 | Orc:2    | Reached XP level 15. HP: 67/67 MP: 2/30
 22273 | Orc:2    | Reached skill level 10 in Evocations
 22375 | Orc:2    | Found Ejomac's Assorted Antiques.
 22375 | Orc:2    | Found Xelium's General Store.
 22400 | Orc:2    | Found Edduqi's Jewellery Emporium.
 22400 | Orc:2    | Found Cuusm's General Store.
 22426 | Orc:2    | Bought a potion of heal wounds for 155 gold pieces
 22426 | Orc:2    | Bought a scroll of identify for 62 gold pieces
 22428 | Orc:2    | Bought a scroll of noise for 17 gold pieces
 22432 | Orc:2    | Bought a scroll of identify for 24 gold pieces
 22432 | Orc:2    | Bought a wand of iceblast (9) for 156 gold pieces
 22433 | Orc:2    | Bought the ring "Rihushre" {rElec rPois Int-4 Dex+4 Stlth-}
                  | for 359 gold pieces
 22846 | D:11     | Bought a scroll of immolation for 101 gold pieces
 22846 | D:11     | Bought a potion of ambrosia for 232 gold pieces
 23064 | D:12     | Found Upus's Antique Armour Shoppe.
 23261 | D:12     | Found Inef's Antique Weapon Boutique.
 23270 | D:12     | Noticed Nergalle
 23282 | D:12     | Killed Nergalle
 23287 | D:12     | Noticed Josephine
 23289 | D:12     | Killed Josephine
 23730 | D:13     | Found Wiceny's Gadget Emporium.
 23751 | D:13     | Bought a box of beasts (3/3) for 300 gold pieces
 23751 | D:13     | Bought a wand of acid (7) for 330 gold pieces
 23751 | D:13     | Bought a wand of acid (8) for 360 gold pieces
 23771 | D:13     | Identified a scroll of acquirement
 23772 | D:13     | Acquired the Collected Works on Spatial Dark Magic
 23779 | D:13     | Found Daeh Hus's Antique Weapon Shop.
 23811 | D:13     | Learned a level 4 spell: Dispel Undead
 23861 | D:13     | Found Rufinon's Jewellery Shop.
 23901 | D:13     | Found Esydghoadgh's Antique Weapon Shoppe.
 23936 | D:13     | Found Daci's Assorted Antiques.
 23944 | D:13     | Bought a potion of heal wounds for 105 gold pieces
 24587 | D:14     | Identified Sif Muna's Tome of Captivating Shape Shifting
                  | (Sif Muna gifted it to you on level 14 of the Dungeon)
 24587 | D:14     | Received a gift from Sif Muna
 24986 | D:14     | Found a gate to the Vaults.
 25112 | D:14     | You fall into a shaft and drop 1 floor!
 25112 | D:15     | Entered Level 15 of the Dungeon
 25411 | D:15     | Noticed Agnes
 25420 | D:15     | Killed Agnes
 25432 | D:15     | HP: 2/69 [vampire mosquito (11)]
 25445 | D:15     | Killed from afar by a catoblepas
 25446 | D:15     | Reached XP level 14. HP: 0/65 MP: 17/29
 25503 | D:15     | Reached skill level 10 in Fighting
 25526 | D:15     | Slain by a boulder beetle
 25527 | D:15     | Reached XP level 13. HP: -5/61 MP: 24/28
 26080 | D:15     | Found a staircase to the Depths.
 26574 | Swamp:1  | Entered Level 1 of the Swamp
 26576 | Swamp:1  | Reached XP level 14. HP: 66/66 MP: 17/30
 26579 | Swamp:1  | Identified Sif Muna's Catalogue of Captivating Moulding
                  | (Sif Muna gifted it to you on level 1 of the Swamp)
 26579 | Swamp:1  | Received a gift from Sif Muna
 26897 | Swamp:3  | Noticed a thorn hunter
 26900 | Swamp:3  | Killed a thorn hunter
 27534 | Swamp:4  | Entered Level 4 of the Swamp
 27691 | Swamp:4  | Noticed the 27-headed Lernaean hydra
 27706 | Swamp:4  | Killed the 27-headed Lernaean hydra
 27963 | Swamp:4  | Noticed a thorn hunter
 27968 | Swamp:4  | Killed a thorn hunter
 28477 | Swamp:4  | Got a decaying rune of Zot
 28748 | Spider:1 | Entered Level 1 of the Spider Nest
 28757 | Spider:1 | Reached XP level 15. HP: 60/70 MP: 6/31
 28770 | Spider:1 | Noticed Jorgrun
 28783 | Spider:1 | Killed Jorgrun
 29139 | Spider:1 | Noticed Aizul
 29150 | Spider:1 | Killed Aizul
 29302 | Spider:1 | Identified Nuiff's Catalogue of Sinister Secrets (Sif Muna
                  | gifted it to you on level 1 of the Spider Nest)
 29302 | Spider:1 | Received a gift from Sif Muna
 29717 | Spider:2 | Reached skill level 10 in Earth Magic
 30284 | Spider:2 | Noticed Roxanne
 30552 | Spider:2 | Identified Arudaur's Grimoire of Fiery Displacement (Sif
                  | Muna gifted it to you on level 2 of the Spider Nest)
 30552 | Spider:2 | Received a gift from Sif Muna
 30861 | Spider:2 | Killed Roxanne
 30878 | Spider:2 | Learned a level 6 spell: Statue Form
 30910 | Spider:3 | Reached skill level 1 in Transmutations
 31309 | Spider:3 | Reached skill level 5 in Transmutations
 31460 | Spider:4 | Entered Level 4 of the Spider Nest
 31480 | Spider:4 | Reached XP level 16. HP: 74/74 MP: 18/32
 32047 | Spider:4 | Received a gift from Sif Muna
 32935 | Spider:4 | Reached skill level 10 in Transmutations
 33168 | Spider:4 | Got a gossamer rune of Zot
 33479 | Elf:1    | Entered Level 1 of the Elven Halls
 33619 | D:13     | Bought a ring of the Octopus King {rF+ AC+1 EV+1 Str+1
                  | Int+1 Dex+1} for 747 gold pieces
 33619 | D:13     | Found the ring of the Octopus King {rF+ AC+1 EV+1 Str+1
                  | Int+1 Dex+1}
 33982 | Elf:1    | Found Faschaski's Distillery.
 33990 | Elf:1    | Bought a potion of degeneration for 14 gold pieces
 33990 | Elf:1    | Bought a potion of invisibility for 112 gold pieces
 34626 | Elf:1    | Identified Pannu's Tome of Supportive Battle Magic
 34659 | Elf:1    | Identified Sif Muna's Incunabulum of Intoxication and
                  | Lightness (Sif Muna gifted it to you on level 1 of the
                  | Elven Halls)
 34659 | Elf:1    | Received a gift from Sif Muna
 35092 | Elf:2    | Found a runed translucent gate.
 35092 | Elf:2    | Found a runed translucent gate.
 35093 | Elf:2    | Found a runed translucent gate.
 35141 | Elf:2    | Acquired the amulet of Xom's Flight of Fancy {Reflect rC+
                  | Int+4 SH+5 Stlth+}
 35237 | Elf:2    | Found a flickering gateway to a bazaar.
 35239 | Elf:2    | Reached XP level 17. HP: 48/78 MP: 11/33
 35250 | Bazaar   | Entered a bazaar
 35264 | Bazaar   | Found Deqe's Antique Weapon Shoppe.
 35279 | Bazaar   | Found Mostirepn's Magic Scroll Emporium.
 35294 | Bazaar   | Found Kyluomu's Armour Emporium.
 35341 | Bazaar   | Bought a scroll of immolation for 31 gold pieces
 35341 | Bazaar   | Bought a scroll of identify for 18 gold pieces
 35341 | Bazaar   | Bought a scroll of vulnerability for 67 gold pieces
 35341 | Bazaar   | Bought a scroll of fear for 31 gold pieces
 35829 | Elf:3    | Entered Level 3 of the Elven Halls
 36441 | Elf:3    | Reached skill level 10 in Invocations
 36710 | Elf:3    | Noticed an Ice Fiend
 36715 | Elf:3    | Noticed a deep elf blademaster
 36732 | Elf:3    | Killed a deep elf blademaster
 37029 | Elf:3    | Noticed a deep elf master archer
 37032 | Elf:3    | Killed a deep elf master archer
 37139 | Elf:3    | Identified the +12 scimitar of Autumn {vorpal, rF- rC+
                  | Int+2 Dex+2}
 37318 | Elf:3    | Found the +8 whip "Snakebite" {curare, rPois}
 37319 | Elf:3    | Noticed a deep elf blademaster
 37324 | Elf:3    | Slain by a deep elf blademaster
 37325 | Elf:3    | Reached XP level 16. HP: -5/75 MP: 13/32
 37459 | Elf:3    | Noticed a deep elf master archer
 37463 | Elf:3    | Killed a deep elf master archer
 37463 | Elf:3    | Identified Sif Muna's Volume of Excruciating Heat (Sif Muna
                  | gifted it to you on level 3 of the Elven Halls)
 37463 | Elf:3    | Received a gift from Sif Muna
 37464 | Elf:3    | Killed a deep elf blademaster
 37855 | Depths:1 | Entered Level 1 of the Depths
 37868 | Depths:1 | Found Xepuol's Assorted Antiques.
 37879 | Depths:1 | Bought a black book for 360 gold pieces
 38221 | Depths:1 | Acquired 407 gold pieces
 38373 | Depths:1 | Noticed a tengu reaver
 38391 | Depths:1 | Killed from afar by a tengu reaver

Illustrated notes

Levels and vault maps discovered:
D:1:      onia_arrival_mini_spirals, layout_basic, feat_on_display
D:2:      layout_basic, nicolae_ru_sacrificial_ziggurat
D:3:      layout_basic
D:4:      layout_cave_pools
D:5:      layout_basic, minmay_temple_entry_statues_pillars, serial_shops,
          kennysheep_mini_moat, uniq_blork_the_orc, uniq_prince_ribbit1
D:6:      layout_basic, hex_large, kennysheep_crisscross, serial_bayou_lagoon_b,
          uniq_sigmund
D:7:      layout_basic, uniq_pikel
D:8:      layout_basic, nicolae_overflow_crystal_walls, gammafunk_ghost_arena,
          eino_jars
D:9:      layout_rooms, zombieorc2_lemuel, basic_altar
D:10:     layout_irregular_city, hangedman_ranch [blue_anna_fruit_fields]
D:11:     layout_long_grid, lair_entry_dummy, serial_shops,
          nicolae_shop_crystal, uniq_snorg, uniq_grum, uniq_erolcha
D:12:     layout_gridville, serial_shops, nicolae_shop_trees, shop,
          lemuel_old_faithful, uniq_josephine, uniq_nergalle
D:13:     layout_big_octagon, serial_rivers, chequers_serial_rivers_room_a,
          chequers_serial_rivers_marsh, chequers_serial_rivers_micro_d,
          chequers_serial_rivers_micro_d, serial_shops,
          nicolae_shop_overgrown_old_shop, nicolae_shop_overgrown_old_shop,
          kennysheep_mini, shop, shop_statue
D:14:     layout_basic, skrybe_vaults_entry_preservation,
          chequers_decorated_corner
D:15:     grunt_enter_depths_snipers, layout_loops_ring,
          minmay_misc_feat_hallway, minmay_misc_feat_doors,
          hangedman_corner_corridor, uniq_agnes
Temple:   kilobyte_greek_temple
Lair:1:   layout_cave_shapes, grunt_forest_large_clearing_hut,
          grunt_megastairs_1, infiniplex_staircase_pool_2
Lair:2:   layout_cave_pods, beast_lair_carwin_9
Lair:3:   layout_loops_ring, nicolae_volcano_entry_vermiform,
          serial_bayou_lake_a
Lair:4:   layout_cave_pods, palyth_hydra_swamp_entry,
          nicolae_spider_entry_non_spiders
Lair:5:   layout_regular_city, portal_ice_cave_entry_ice_beasts
Lair:6:   hangedman_lair_caniforms_friends, layout_loops_ring, wormcave,
          slime_altar_1
Swamp:1:  layout_basic_swamp, evilmike_swamp_ruin_house_5
Swamp:2:  layout_basic_swamp, nicolae_swamp_godswood, swamp_pool1
Swamp:3:  layout_falls_marsh, evilmike_swamp_ruin_wall, swamp_pool5,
          nicolae_swamp_hydra_murder_den
Swamp:4:  swamp_old_school, layout_basic_swamp, swamp_pool3
Spider:1: layout_spider_delve, drop_trap, uniq_aizul, uniq_jorgrun
Spider:2: layout_spider_delve, uniq_roxanne
Spider:3: layout_spider_delve
Spider:4: grunt_spider_rune_parallel
Orc:1:    layout_caves, serial_shops, shop, gammafunk_ghost_stat_death,
          basic_altar
Orc:2:    st_orc_ogre_mass, layout_caves
Elf:1:    minmay_elf_arrival_circle, layout_gridlike, serial_shops,
          nicolae_shop_waterfront, minmay_elf_sorcery, minivault_24
Elf:2:    layout_gridlike, serial_shops, bzr_entry_islet
Elf:3:    elf_hall_gauntlet_wide, layout_geoelf_octagon
Depths:1: minmay_the_grid_triangle_9x9_rhombus_full_mashed
          [minmay_the_grid_triangle_9x9_limited_checkers,
          minmay_the_grid_triangle_9x9_sprig,
          minmay_the_grid_triangle_9x9_checkered,
          minmay_the_grid_triangle_9x9_skeleton,
          minmay_the_grid_triangle_9x9_flanged_cone,
          minmay_the_grid_triangle_9x9_zippers_vertical,
          minmay_the_grid_triangle_9x9_from_above,
          minmay_the_grid_triangle_9x9_prize_insulated], layout_gridville,
          hell_entry, serial_shops, nicolae_shop_trees,
          kennysheep_generic_room_12

Skill      XL: |  1  2  3  4  5  6  7  8  9 10 11 12 13 14 15 16 17 |
---------------+----------------------------------------------------+-----
Ice Magic      | 4 5 6 7 8 9 10 11 13 14 | 14.0
Summonings     | 1 3 5 |  5.0
Dodging        | 3 4 6 7 9 10 11 13 12 14 | 14.6
Stealth        | 3 4 6 7 |  7.0
Fighting       | 2 4 5 7 8 10 11 | 11.5
Invocations    | 2 4 6 7 8 9 10 | 10.4
Evocations     | 2 4 5 7 8 9 11 10 12 | 12.0
Spellcasting   | 3 4 6 7 11 10 12 | 12.1
Air Magic      | 1 4 |  4.0
Earth Magic    | 2 4 6 7 8 10 | 10.7
Necromancy     | 3 7 9 |  9.0
Transmutations | 5 12 | 12.0

Action                   |  1- 3 |  4- 6 |  7- 9 | 10-12 | 13-15 | 16-18 || total
-------------------------+-------+-------+-------+-------+-------+-------++-------
Melee: Unarmed           |    33 |    40 |    13 |    49 |    70 |    60 ||   265
       Bite              |     1 |     6 |     1 |     6 |    15 |     7 ||    36
 Cast: Freeze            |    38 |     7 |     4 |     3 |       |       ||    52
       Frozen Ramparts   |    12 |    19 |    34 |   114 |   146 |    54 ||   379
       Summon Ice Beast  |       |     3 |    25 |   123 |   173 |    42 ||   366
       Ozocubu's Armour  |       |       |       |    16 |    12 |       ||    28
       Summon Lightning  |       |       |       |     5 |     7 |     2 ||    14
       Ozocubu's Refrige |       |       |       |       |   113 |    80 ||   193
       Dispel Undead     |       |       |       |       |     8 |       ||     8
       Borgnjor's Vile C |       |       |       |       |    20 |    34 ||    54
       Absolute Zero     |       |       |       |       |     1 |       ||     1
       Lee's Rapid Decon |       |       |       |       |     6 |     1 ||     7
       Statue Form       |       |       |       |       |       |     3 ||     3
Invok: Channel Magic     |       |       |       |       |     4 |     2 ||     6
       Divine Exegesis   |       |       |       |       |     1 |       ||     1
Evoke: Wand              |       |       |    17 |    57 |   137 |    44 ||   255
       Box of beasts     |       |       |       |       |     4 |     3 ||     7
       Condenser vane    |       |       |       |       |     1 |     1 ||     2
       Phantom mirror    |       |       |       |       |     1 |       ||     1
       Tin of tremorston |       |       |       |       |       |     1 ||     1
  Use: Scroll            |       |    11 |     2 |    16 |    15 |     2 ||    46
       Potion            |       |       |     1 |     2 |    10 |       ||    13
 Stab: Sleeping          |    11 |     2 |     2 |     1 |     3 |     1 ||    20
       Distracted        |       |       |       |     1 |       |       ||     1
       Paralysed         |       |       |       |       |       |     2 ||     2
Armor: Skin              |     3 |     2 |     4 |    29 |    37 |     9 ||    84
Dodge: Dodged            |    46 |    55 |    88 |   292 |   657 |   222 ||  1360
Block: Other             |       |       |       |       |       |    11 ||    11
       Reflection        |       |       |       |       |       |     2 ||     2

Table legend: (Time is in decaauts)
 A = Elapsed time spent in this place.
 B = Non-inter-level travel time spent in this place.
 C = Inter-level travel time spent in this place.
 D = Time resting spent in this place.
 E = Time spent auto-exploring this place.
 F = Levels seen in this place.
 G = Mean time per level.
                   A        B        C        D        E       F      G
               +--------+--------+--------+--------+--------+-----+--------+
         Total |  33986 |  31742 |   2244 |   9515 |  12891 |  39 |  871.4 |
       Dungeon |  13975 |  12908 |   1067 |   2796 |   6293 |  15 |  931.7 |
        Temple |     83 |     51 |     32 |      0 |      0 |   1 |   83.0 |
          Lair |   8126 |   7560 |    566 |   2566 |   3033 |   6 | 1354.3 |
         Swamp |   1505 |   1389 |    116 |    647 |    124 |   4 |  376.2 |
   Spider Nest |   3750 |   3603 |    147 |   1507 |   1017 |   4 |  937.5 |
  Orcish Mines |   1504 |   1347 |    157 |     58 |    835 |   2 |  752.0 |
   Elven Halls |   3423 |   3267 |    156 |   1303 |   1154 |   3 | 1141.0 |
        Depths |    530 |    530 |      0 |    134 |    218 |   1 |  530.0 |
        Bazaar |     96 |     96 |      0 |      0 |     51 |   1 |   96.0 |
      Ice Cave |    884 |    884 |      0 |    468 |    151 |   1 |  884.0 |
       Volcano |    104 |    104 |      0 |     35 |     11 |   1 |  104.0 |
               +--------+--------+--------+--------+--------+-----+--------+

Top non-repeatable levels by time:
  Lair:4: 2295 daAuts
  Lair:6: 2141 daAuts
   Elf:3: 1647 daAuts
    D:10: 1355 daAuts
    D:11: 1347 daAuts
Spider:4: 1310 daAuts
     D:1: 1244 daAuts
   Elf:1: 1194 daAuts
 Swamp:4: 1108 daAuts
  Lair:5: 1053 daAuts
     D:9: 1041 daAuts
     D:8: 1030 daAuts
  Lair:2: 1019 daAuts
    D:14: 995 daAuts
    D:15: 966 daAuts
